 Dungeon Crawl Stone Soup version 0.26.1-2-gb8aa6d0cf2 (webtiles) character file.

Game seed: 9791645818953777866

2830 DearestLeader the Geomancer (level 9, -6/53 HPs)
             Began as a Gargoyle Earth Elementalist on Feb 10, 2021.
             Was an Initiate of Vehumet.
             Mangled by an orc warrior
             ... wielding a +0 trident
              (18 damage)
             ... on level 7 of the Dungeon.
             The game lasted 00:17:59 (9511 turns).

DearestLeader the Geomancer (GrEE)                  Turns: 9511, Time: 00:17:59

Health: -6/53      AC: 10    Str: 12    XL:     9   Next: 73%
Magic:  8/16       EV: 16    Int: 19    God:    Vehumet [......]
Gold:   452        SH:  0    Dex: 10    Spells: 3/18 levels left

rFire    . . .     SeeInvis .   t - +3 quarterstaff (chaos)
rCold    . . .     Faith    .   (shield currently unavailable)
rNeg     + . .     Spirit   .   c - +0 robe
rPois    ∞         Reflect  .   s - +0 helmet (curse)
rElec    +         Harm     .   e - +0 cloak
rCorr    .         Rampage  .   (no gloves)
Will     .....                  (no boots)
Stlth    ++........             (no amulet)
HPRegen  0.17/turn              x - ring of wizardry
MPRegen  0.15/turn              l - +4 ring of evasion

@: no status effects
A: negative energy resistance 1, electricity resistance, unbreathing,
petrification resistance, miasma immunity, AC +6
a: Renounce Religion


You were on level 7 of the Dungeon.
You worshipped Vehumet.
Vehumet was noncommittal.
You visited 2 branches of the dungeon, and saw 8 of its levels.

You collected 452 gold pieces.

Inventory:

Hand Weapons
 t - a +3 quarterstaff of chaos (weapon)
Missiles
 b - 172 stones
Armour
 c - a +0 robe (worn)
 e - a +0 cloak (worn)
 s - a cursed +0 helmet (worn)
Magical Staves
 E - an uncursed staff of air
Jewellery
 d - a +6 ring of strength
 l - a +4 ring of evasion (right hand)
 q - an uncursed ring of resist corrosion
 x - a ring of wizardry (left hand)
 B - a +6 ring of intelligence
Wands
 i - a wand of polymorph (9)
 y - a wand of flame (19)
Scrolls
 a - a scroll of magic mapping {unknown}
 j - 4 scrolls of teleportation
 k - 3 scrolls of remove curse
 v - a scroll of noise {unknown}
 C - 2 scrolls of immolation {unknown}
 D - a scroll of identify
Potions
 f - 3 potions of ambrosia
 h - 2 potions of resistance
 m - a potion of mutation
 n - a potion of magic
 o - 2 potions of attraction {unknown}
 p - a potion of curing
 r - a potion of heal wounds {unknown}
 u - 2 potions of degeneration {unknown}
 w - 2 potions of flight {unknown}
 z - a potion of haste {unknown}
 A - a potion of cancellation {unknown}


   Skills:
 + Level 4.9 Fighting
 + Level 2.5 Dodging
 - Level 2.1 Stealth
 + Level 5.1 Spellcasting
 - Level 2.4 Conjurations
 - Level 1.0 Transmutations
 * Level 12.5 Earth Magic


You had 3 spell levels left.
You knew the following spells:

 Your Spells              Type           Power        Failure   Level
a - Sandblast             Erth           100%         1%          1
b - Passwall              Tmut/Erth      25%          1%          2
c - Stone Arrow           Conj/Erth      66%          1%          3
d - Lee's Rapid Deconstr  Erth           25%          1%          5
e - Petrify               Tmut/Erth      30%          3%          4

Your spell library contained the following spells:

 Spells                   Type           Power        Failure   Level
 Beastly Appendage        Tmut           16%          3%          1
 Corona                   Hex            4%           4%          1
 Wereblood                Tmut           8%           4%          2
 Ensorcelled Hibernation  Hex/Ice        8%           8%          2
 Dazzling Flash           Conj/Hex       18%          9%          3
 Spider Form              Tmut/Pois      3%           12%         3
 Confusing Touch          Hex            4%           16%         3
 Gell's Gravitas          Tloc           2%           16%         3
 Tukima's Dance           Hex            4%           16%         3
 Ice Form                 Ice/Tmut       6%           36%         4
 Animate Dead             Necr           2%           43%         4
 Blade Hands              Tmut           4%           63%         5
 Yara's Violent Unravell  Hex/Tmut       3%           69%         5
 Excruciating Wounds      Necr           2%           77%         5
 Metabolic Englaciation   Hex/Ice        2%           77%         5
 Death Channel            Necr           2%           99%         6


Dungeon Overview and Level Annotations

Branches:
Dungeon (7/15)             Temple (1/1) D:6

Altars:
Cheibriados
Elyvilon
Fedhas
Gozag
Hepliaklqana
Makhleb
Okawaru
Qazlal
Ru
Uskayaw
Vehumet
Wu Jian
Xom
Yredelemnul
Zin

Shops:
D:5 *


Innate Abilities, Weirdness & Mutations

You are resistant to torment.
Your stone body is resilient. (AC +6)
You are immune to poison.
You resist negative energy. (rN+)
You are resistant to electric shocks. (rElec)
You can survive without breathing.
You are immune to petrification.
You are immune to miasma.


Message History

Confirm with . or Enter, or press ? or * to list all spells.
Aiming: Stone Arrow (safe; 1% risk of failure)
Press: ? - help, Shift-Dir - straight line The stone arrow hits something!!
Something hits you!
Casting: Stone Arrow (safe; 1% risk of failure)
Confirm with . or Enter, or press ? or * to list all spells.
Aiming: Stone Arrow (safe; 1% risk of failure)
Press: ? - help, Shift-Dir - straight line The stone arrow hits something.
Something barely misses you. Something completely misses you.
You closely miss something.
The orc wizard shouts!
Something hits you!
* * * LOW HITPOINT WARNING * * *
Casting: Stone Arrow (safe; 1% risk of failure)
Confirm with . or Enter, or press ? or * to list all spells.
Aiming: Stone Arrow (safe; 1% risk of failure)
Press: ? - help, Shift-Dir - straight line Something hits you!!
You die...

#.###.#######
#...........###########
.....................
.............<<.####
##)##..........####
#...>.............
#.........))..######
#................... #
#.##.......@.#########
#.
#.###......{..o.......
.#.###.#
#.#.....##########
.......# #.#)...........
.......###.#.....#######
...........#.....#
........####.....#
#######.# #.....#
.....<..# #......


You could see an orc wizard.

Vanquished Creatures
  Grinder (D:3)
  A wyvern (D:4)
  Sigmund (D:5)
  An ice beast (D:5)
  A necrophage (D:5)
  5 ogres
  2 centaurs
  3 bullfrogs (D:6)
  A gnoll sergeant (D:6)
  6 electric eels (D:6)
  2 hounds (D:4)
  A bullfrog skeleton (D:5)
  2 gnoll shamans (D:5)
  Crazy Yiuf (D:3)
  Ijyb (D:5)
  2 iguanas
  Natasha (thrice) (D:3)
  7 orc wizards
  3 worker ants
  Robin (D:2)
  31 gnolls
  A worker ant zombie (D:7)
  5 adders
  A shadow imp (D:5)
  2 adder skeletons (D:5)
  3 worms
  A dart slug (D:1)
  4 leopard geckos
  17 orcs
  2 giant cockroaches
  14 goblins
  9 hobgoblins
  21 jackals
  4 quokkas
  A ball python (D:3)
  8 bats
  4 frilled lizards
  11 kobolds
  4 rats
188 creatures vanquished.

Vanquished Creatures (others)
  4 plants
4 creatures vanquished.

Grand Total: 192 creatures vanquished

Notes
Turn   | Place    | Note
-------+----------+-------------------------------------------
     0 | D:1      | DearestLeader the Gargoyle Earth Elementalist began the
                  | quest for the Orb.
     0 | D:1      | Reached XP level 1. HP: 10/10 MP: 3/3
    92 | D:1      | Reached skill level 4 in Earth Magic
   240 | D:1      | Reached XP level 2. HP: 15/15 MP: 5/5
   930 | D:1      | Reached skill level 5 in Earth Magic
   930 | D:1      | Reached XP level 3. HP: 12/19 MP: 4/6
  1285 | D:2      | Noticed Robin
  1533 | D:2      | Killed Robin
  1703 | D:2      | Reached XP level 4. HP: 15/24 MP: 7/7
  1706 | D:2      | Learned a level 2 spell: Passwall
  1710 | D:2      | Learned a level 3 spell: Stone Arrow
  2015 | D:2      | Reached skill level 6 in Earth Magic
  2884 | D:3      | Noticed Grinder
  2884 | D:3      | Noticed Natasha
  2973 | D:3      | Found a runed translucent door.
  2974 | D:3      | Noticed Crazy Yiuf
  3030 | D:3      | Killed Natasha
  3041 | D:3      | Paralysed by Grinder for 6 turns
  3059 | D:3      | Paralysed by Grinder for 4 turns
  3070 | D:3      | Killed Grinder
  3071 | D:3      | Reached skill level 8 in Earth Magic
  3071 | D:3      | Reached XP level 5. HP: 19/28 MP: 0/8
  3071 | D:3      | Reached XP level 6. HP: 21/32 MP: 0/9
  3281 | D:3      | Noticed Natasha
  3287 | D:3      | Killed Natasha
  3542 | D:3      | Noticed Natasha
  3557 | D:3      | Killed Natasha
  4122 | D:3      | Killed Crazy Yiuf
  4123 | D:3      | Reached skill level 9 in Earth Magic
  4310 | D:4      | Reached skill level 1 in Conjurations
  4310 | D:4      | Reached XP level 7. HP: 21/36 MP: 8/10
  4859 | D:4      | Noticed a wyvern
  4867 | D:4      | Killed a wyvern
  5248 | D:4      | Reached skill level 10 in Earth Magic
  5347 | D:5      | Entered Level 5 of the Dungeon
  5347 | D:5      | Found Gozag's Platinum Reserve.
  5348 | D:5      | Found an opulent altar of Gozag.
  5466 | D:5      | Reached XP level 8. HP: 42/42 MP: 6/12
  5472 | D:5      | Learned a level 5 spell: Lee's Rapid Deconstruction
  5539 | D:5      | Reached skill level 1 in Fighting
  5862 | D:5      | Noticed Ijyb
  5866 | D:5      | Killed Ijyb
  6141 | D:5      | Reached skill level 11 in Earth Magic
  6177 | D:5      | Noticed Sigmund
  6183 | D:5      | Killed Sigmund
  7074 | D:5      | Reached XP level 9. HP: 45/51 MP: 6/15
  7883 | D:5      | Learned a level 4 spell: Petrify
  8057 | D:6      | Reached skill level 1 in Transmutations
  8057 | D:6      | Reached skill level 12 in Earth Magic
  8254 | D:6      | Found a stormy altar of Qazlal.
  8254 | D:6      | Found a basalt altar of Yredelemnul.
  8261 | D:6      | Found a snail-covered altar of Cheibriados.
  8263 | D:6      | Found an iron altar of Okawaru.
  8265 | D:6      | Found a shimmering altar of Xom.
  8597 | D:6      | Found a staircase to the Ecumenical Temple.
  8607 | Temple   | Entered the Ecumenical Temple
  8676 | Temple   | Became a worshipper of Vehumet
  8886 | D:6      | Reached skill level 5 in Spellcasting
  9180 | D:6      | Identified Zyesisch's Incunabulum of Evil
  9511 | D:7      | Mangled by an orc warrior

Illustrated notes

Levels and vault maps discovered:
D:1:      dpeg_cavernosity, layout_rooms
D:2:      layout_loops_ring, uniq_robin
D:3:      layout_loops_ring, uniq_grinder, uniq_crazy_yiuf_cottage, uniq_natasha
D:4:      layout_cave_pools
D:5:      lemuel_castle_with_subvaults [lemuel_castle_interior_carwin_2],
          layout_cave_pods, hangedman_abyss_or_decor_lesser_grid,
          nicolae_gozag_zags_fifth_avenue, uniq_ijyb, uniq_sigmund
D:6:      cheibrodos_two_vegetables, layout_basic,
          chequers_temple_overflow_minitemple, minmay_temple_entry_junction
D:7:      layout_basic, nicolae_dithmenos_through_a_glass_darkly,
          solitary_fountain
Temple:   eino_temple_scatter_basement

Skill      XL: |  1  2  3  4  5  6  7  8  9 |
---------------+----------------------------+-----
Earth Magic    | 4 5 8 9 10 11 12 | 12.5
Conjurations   | 1 2 |  2.4
Fighting       | 3 4 |  4.9
Spellcasting   | 4 5 |  5.1
Transmutations | 1 |  1.0
Dodging        | 2 |  2.5
Stealth        | |  2.1

Action                   |  1- 3 |  4- 6 |  7- 9 || total
-------------------------+-------+-------+-------++-------
Melee: Unarmed           |    18 |       |       ||    18
       Short sword       |    29 |       |       ||    29
       Dagger            |    51 |   152 |       ||   203
       Quarterstaff      |       |    10 |   259 ||   269
 Cast: Sandblast         |    22 |    40 |    28 ||    90
       Stone Arrow       |       |       |    36 ||    36
       Lee's Rapid Decon |       |       |     7 ||     7
  Use: Potion            |     1 |       |       ||     1
       Scroll            |       |     3 |     4 ||     7
 Stab: Sleeping          |     4 |     1 |     5 ||    10
       Paralysed         |       |       |     9 ||     9
       Petrifying        |       |       |     1 ||     1
       Petrified         |       |       |     1 ||     1
Armor: Robe              |    52 |    44 |   106 ||   202
Dodge: Dodged            |    68 |   147 |   303 ||   518
